 Dungeon Crawl Stone Soup version 0.21-a0-42-gb537e02 (webtiles) character file.

1757 roguesci the Insei (level 9, -2/54 HPs)
             Began as a Vine Stalker Transmuter on June 5, 2017.
             Was a Follower of Kikubaaqudgha.
             Slain by a red ugly thing (5 damage)
             ... on level 7 of the Dungeon.
             The game lasted 00:27:17 (7511 turns).

roguesci the Insei (Vine Stalker Transmuter)        Turns: 7511, Time: 00:27:18

Health: -2/54      AC:  3    Str: 14    XL:     9   Next: 6%
Magic:  0/16       EV: 18    Int: 16    God:    Kikubaaqudgha [*.....]
Gold:   417        SH:  0    Dex: 19    Spells: 12/16 levels left

rFire    + . .     SeeInvis +     - Unarmed
rCold    . . .     Gourm    .   (no shield)
rNeg     . . .     Faith    .   b - +0 robe
rPois    .         Spirit   +   p - +0 helmet
rElec    .         Reflect  .   (no cloak)
rCorr    .         Harm     .   (no gloves)
MR       +....     Clarity  +   (no boots)
Stlth    +++.......             (no amulet)
Regen    0.6/turn               k - ring of protection from fire
MPRegen  0.2/turn               C - ring of see invisible

@: agile, very slightly contaminated, heavily drained
A: fangs 3, clarity, regeneration 1, robust 2, magic shield, antimagic bite, no
potion heal 3, rot immunity
a: Receive Corpses, Renounce Religion


You were on level 7 of the Dungeon.
You worshipped Kikubaaqudgha.
Kikubaaqudgha was aware of your devotion.
You were not hungry.

You visited 2 branches of the dungeon, and saw 8 of its levels.

You collected 417 gold pieces.

Inventory:

Missiles
 a - 130 arrows
 r - 149 stones (quivered)
Armour
 b - a +0 robe (worn)
 p - a +0 helmet (worn)
 x - a +0 buckler
Jewellery
 k - a ring of protection from fire (left hand)
 C - a ring of see invisible (right hand)
Wands
 z - a wand of flame (28/48)
 A - a wand of digging (10/24)
Scrolls
 e - a scroll of fear {unknown}
 h - a scroll of enchant weapon {unknown}
 i - 4 scrolls of teleportation
 l - 4 scrolls of magic mapping
 m - 3 scrolls of fog
 n - 4 scrolls of identify
 q - a scroll of blinking {unknown}
 s - a scroll of immolation {unknown}
 v - a scroll of recharging {unknown}
 y - a scroll of remove curse {unknown}
Potions
 f - 5 potions of lignification {unknown}
 j - a potion of mutation
 o - 5 potions of curing {unknown}
 t - 2 potions of haste {unknown}
 w - a potion of agility
 B - 2 potions of brilliance {unknown}
 D - a potion of might {unknown}
Books
 c - a book of Changes

   Spells                             Type                      Level
   a - Beastly Appendage              Transmutation                1
   b - Sticks to Snakes               Transmutation                2
   c - Spider Form                    Transmutation/Poison         3
   d - Ice Form                       Ice/Transmutation            4
   e - Blade Hands                    Transmutation                5
 E - Kikubaaqudgha's Guide on Stolen Souls
   (Kikubaaqudgha gifted it to you on level 7 of the Dungeon)

   Spells                             Type                      Level
   a - Animate Skeleton               Necromancy                   1
   b - Corpse Rot                     Necromancy                   2
   c - Sublimation of Blood           Necromancy                   2
   d - Vampiric Draining              Necromancy                   3
   e - Control Undead                 Necromancy                   4
Comestibles
 d - 2 bread rations
 g - 2 meat rations
 u - 4 fruits


   Skills:
 + Level 4.1(2.3) Fighting
 * Level 4.2(2.4) Dodging
 + Level 4.1(2.3) Stealth
 * Level 2.9(1.2) Shields
 + Level 4.7(2.9) Unarmed Combat
 + Level 4.1(2.3) Spellcasting
 + Level 4.0(2.3) Transmutations
 + Level 4.2(2.4) Poison Magic


You had 12 spell levels left.
You knew the following spells:

 Your Spells              Type           Power        Failure   Level  Hunger
a - Beastly Appendage     Tmut           #.....       8%          1    #......
b - Spider Form           Tmut/Pois      #.........   22%         3    ###....


Dungeon Overview and Level Annotations

Branches:
Dungeon (7/15)             Temple (1/1) D:6

Altars:
Ashenzari
Cheibriados
Dithmenos
Elyvilon
Fedhas
Gozag
Hepliaklqana
Kikubaaqudgha
Makhleb
Nemelex Xobeh
Okawaru
Qazlal
Ru
Sif Muna
Trog
Uskayaw
Vehumet
Wu Jian
Xom
Yredelemnul
Zin
The Shining One


Innate Abilities, Weirdness & Mutations

You have razor-sharp teeth.
Your natural rate of healing is unusually fast.
When hurt, damage is shared between your health and your magic reserves.
Your bite disrupts and absorbs the magic of your enemies.
Potions cannot restore your health.
You are immune to rotting.
You possess an exceptional clarity of mind.
You are very robust. (+20% HP)


Message History

Your transformation has ended.
Your +0 helmet unmelds from your body.
Your +0 robe unmelds from your body.
The red ugly thing misses you.
Unknown command.
You hit the red ugly thing. You bite the red ugly thing. You drain its power.
You feel invigorated.
The red ugly thing is moderately wounded.
The red ugly thing punches you!
You are engulfed in flames!
You resist.
* * * LOW HITPOINT WARNING * * *
Casting: Spider Form
Confirm with . or Enter, or press ? or * to list all spells.
You miscast Spider Form.
You are very lightly contaminated with residual magic.
Nothing appears to happen.
The red ugly thing punches you.
* * * LOW HITPOINT WARNING * * *
You are engulfed in flames!
You resist.
* * * LOW HITPOINT WARNING * * *
The red ugly thing punches you.
You die...
Kikubaaqudgha rasps: "You have failed me!
Welcome... death!"

# #.# +# #... ####
.# #..##..##.#
#........#
####....## ##.#.#
#### #.#u##
#..#####.#@.#######
#......>..#.......#
##.#######..######..
##...## #......#
#.....# #.####....
#.##..## #..### ##
#. #...# ##...# #.
##..# ##.# #
##.#######.#


You could see a red ugly thing.

Vanquished Creatures
  A hungry ghost (D:4)
  The ghost of blackwizard the Ducker, an amateur TrFi (D:3)
  2 sky beasts (D:6)
  A phantom (D:4)
  2 centaurs
  A water moccasin skeleton (D:5)
  2 scorpions
  5 wights
  2 howler monkeys (D:6)
  2 crimson imps
  2 hounds
  2 orc priests
  3 orc wizards
  Terence (D:3)
  3 iguanas
  4 worker ants
  A hound skeleton (D:6)
  A gnoll (D:7)
  8 adders
  A shadow imp (D:6)
  An adder skeleton (D:7)
  An adder zombie (D:5)
  A worm (D:2)
  3 dart slugs
  4 leopard geckos
  12 orcs
  10 bats
  6 giant cockroaches
  9 goblins
  12 hobgoblins
  10 jackals
  4 kobolds
  A quokka (D:3)
  8 frilled lizards
  2 quokka skeletons (D:4)
  A quokka zombie (D:5)
  6 rats
136 creatures vanquished.

Notes
Turn   | Place    | Note
-------+----------+-------------------------------------------
     0 | D:1      | roguesci the Vine Stalker Transmuter began the quest for the Orb.
     0 | D:1      | Reached XP level 1. HP: 9/9 MP: 4/4
    49 | D:1      | Reached skill level 1 in Fighting
   396 | D:1      | Reached XP level 2. HP: 9/14 MP: 4/6
   959 | D:1      | Reached XP level 3. HP: 4/18 MP: 5/7
  1063 | D:1      | Learned a level 3 spell: Spider Form
  1097 | D:1      | Reached skill level 1 in Stealth
  1906 | D:2      | Reached skill level 1 in Poison Magic
  2044 | D:2      | Gained mutation: Your natural rate of healing is unusually fast. [Vine Stalker growth]
  2044 | D:2      | Reached XP level 4. HP: 23/23 MP: 5/9
  2239 | D:3      | Noticed Terence
  2258 | D:3      | Noticed blackwizard's ghost (amateur TrFi)
  2619 | D:3      | Killed Terence
  2619 | D:3      | Reached XP level 5. HP: 21/26 MP: 4/10
  3000 | D:2      | Gained mutation: You are robust. (+10% HP) [potion of mutation]
  3000 | D:2      | Gained mutation: You possess an exceptional clarity of mind. [potion of mutation]
  3000 | D:2      | Gained mutation: You are very robust. (+20% HP) [potion of mutation]
  3048 | D:3      | Found a deep blue altar of Sif Muna.
  3359 | D:3      | Killed blackwizard's ghost
  3551 | D:3      | Reached XP level 6. HP: 32/38 MP: 8/11
  3672 | D:3      | Found a sacrificial altar of Ru.
  3813 | D:4      | Noticed a hungry ghost
  3824 | D:4      | Killed a hungry ghost
  3977 | D:4      | Reached XP level 7. HP: 39/43 MP: 6/12
  4736 | D:5      | Entered Level 5 of the Dungeon
  5483 | D:5      | Gained mutation: You have razor-sharp teeth. [Vine Stalker growth]
  5483 | D:5      | Reached XP level 8. HP: 33/49 MP: 10/14
  6111 | D:6      | Reached skill level 1 in Shields
  6222 | D:6      | Found a staircase to the Ecumenical Temple.
  6245 | Temple   | Entered the Ecumenical Temple
  6292 | Temple   | Became a worshipper of Kikubaaqudgha
  7153 | D:6      | Reached XP level 9. HP: 21/54 MP: 9/16
  7251 | D:7      | Reached * piety under Kikubaaqudgha
  7251 | D:7      | Identified Kikubaaqudgha's Guide on Stolen Souls (Kikubaaqudgha gifted it to you on level 7 of the Dungeon)
  7251 | D:7      | Received a gift from Kikubaaqudgha
  7484 | D:7      | Noticed a red ugly thing
  7510 | D:7      | HP: 2/54 [red ugly thing (8)]
  7511 | D:7      | Slain by a red ugly thing

Vault maps used:
D:1:      tarquinn_simple_flora_water_c, minmay_hedge_maze, serial_bayou_ford_a,
          minmay_door_square, bh_walls_and_bars
D:2:      first_bread
D:3:      led_sif_pool, grunt_decor_resistance, nicolae_ru_path_of_blood,
          uniq_terence
D:4:      cheibrodos_old_hovel
D:5:      cheibrodos_iron_armory
D:6:      minmay_temple_entry_trees, serial_bayou_crossing
D:7:      serial_glass, glass_columns_a, glass_columns_b,
          nicolae_ossuary_entry_false_entrances
Temple:   grunt_wide_crystal_templ

Skill      XL: |  1  2  3  4  5  6  7  8  9 |
---------------+----------------------------+-----
Fighting       | 1 2 3 4 |  4.1
Stealth        | 1 2 3 4 |  4.1
Dodging        | 2 3 4 |  4.2
Poison Magic   | 1 2 3 4 |  4.2
Spellcasting   | 3 4 |  4.1
Transmutations | 3 4 |  4.0
Unarmed Combat | 4 |  4.7
Shields        | 2 |  2.9

Action                   |  1- 3 |  4- 6 |  7- 9 || total
-------------------------+-------+-------+-------++-------
Melee: Unarmed           |   110 |   185 |   344 ||   639
       Bite              |    14 |    21 |    37 ||    72
       Kick              |     7 |       |       ||     7
       Headbutt          |     1 |     1 |       ||     2
       Punch             |     1 |     1 |     1 ||     3
Throw: Stone             |       |       |     1 ||     1
 Cast: Beastly Appendage |     6 |     1 |       ||     7
       Spider Form       |     5 |    16 |    31 ||    52
 Abil: End Transformatio |       |       |     2 ||     2
  Use: Scroll            |       |     4 |       ||     4
       Potion            |       |     3 |     1 ||     4
 Stab: Sleeping          |     2 |     4 |     4 ||    10
  Eat: Chunk             |     4 |     7 |     8 ||    19
       Royal jelly       |       |     2 |     1 ||     3
       Fruit             |       |     1 |     6 ||     7
Armor: Robe              |    24 |    12 |    13 ||    49
       Skin              |     1 |     3 |     5 ||     9
Dodge: Dodged            |   100 |   141 |   212 ||   453
